 Dungeon Crawl Stone Soup version 0.18.1-8-gdd0e5ea (webtiles) character file.

1274 Wooh the Grappler (level 8, -7/75 HPs)
             Began as a Ghoul Monk on May 28, 2016.
             Was a Believer of Okawaru.
             Killed by divine providence
             ... invoked by an orc priest
              (10 damage)
             ... on level 5 of the Dungeon.
             The game lasted 00:14:39 (5224 turns).

Wooh the Grappler (Ghoul Monk)                      Turns: 5224, Time: 00:14:40

Health: -7/75      AC:  5    Str: 13 (15) XL:     8   Next: 53%
Magic:  0/7        EV: 12    Int:  2 (5)  God:    Okawaru [**....]
Gold:   364        SH:  0    Dex: 10 (13) Spells: 0 memorised, 7 levels left

rFire  . . .     SeeInvis .       - Unarmed
rCold  + . .     Gourm    .     x - +0 leather armour
rNeg   + + +     Faith    .     (no shield)
rPois  ∞         Spirit   +     m - +0 helmet
rElec  .         Dismiss  .     p - +0 cloak
rCorr  .         Reflect  .     (no gloves)
SustAt .         Harm     .     (no boots)
MR     .....                    q - amulet of guardian spirit
Stlth  ++........               (no ring)
                                (no ring)

@: rotting, not resistant to hostile enchantments, unstealthy
A: rotting body, claws 1, carnivore 3, cold resistance 1, negative energy
resistance 3, slow regeneration 1, torment resistance, unbreathing
a: Heroism, Renounce Religion


You were on level 5 of the Dungeon.
You worshipped Okawaru.
Okawaru was pleased with you.
You were hungry.

You visited 2 branches of the dungeon, and saw 6 of its levels.

You collected 364 gold pieces.

Inventory:

Missiles
 f - 42 poisoned needles
 g - 34 arrows
 l - 77 bolts
Armour
 m - a +0 helmet (worn)
 p - a +0 cloak (worn)
 x - a +0 leather armour (worn)
Jewellery
 q - an amulet of guardian spirit (around neck)
Wands
 k - a wand of flame (34/48)
 w - a wand of paralysis (8/24)
Scrolls
 c - a scroll of random uselessness {unknown}
 d - 4 scrolls of teleportation {unknown}
 e - 4 scrolls of enchant weapon
 i - 2 scrolls of amnesia {unknown}
 j - 4 scrolls of identify
 n - 2 scrolls of remove curse {unknown}
 r - a scroll of magic mapping {unknown}
 s - 3 scrolls of recharging {unknown}
Potions
 a - a potion of cancellation
 h - 4 potions of brilliance
 t - a potion of degeneration
 u - a potion of curing
 v - a potion of mutation {unknown}
Comestibles
 b - 4 meat rations
 o - 2 slices of pizza
 z - a beef jerky


   Skills:
 + Level 8.4 Fighting
 - Level 2.6 Dodging
 - Level 2.1 Stealth
 - Level 9.0 Unarmed Combat


You had 7 spell levels left.
You didn't know any spells.

Dungeon Overview and Level Annotations

Branches:
Dungeon (5/15)             Temple (1/1) D:5

Altars:
Elyvilon
Fedhas
Makhleb
Nemelex Xobeh
Okawaru
Pakellas
Ru
Trog
Vehumet
Xom
Zin
The Shining One


Innate Abilities, Weirdness & Mutations

Your body is rotting away.
You thrive on raw meat.
You are immune to poison.
You have sharp fingernails.
You are carnivorous and can eat meat at any time.
Your flesh is cold resistant.
You are immune to negative energy.
You regenerate slowly when monsters are visible.
You are immune to unholy pain and torment.
You can survive without breathing.


Message History

Read which item? (? for menu, Esc to quit)
As you read the scroll labeled VUCIBU CIQAV, it crumbles to dust.
It is a scroll of identify.
Identify which item? (\ to view known items) (? for menu, Esc to quit)
e - 4 scrolls of enchant weapon The orc wizard hits you but does no damage.
Something hits you.
* * * LOW HITPOINT WARNING * * *
The orc wizard casts a spell.
The orc wizard blinks!
The orc throws a stone.
The stone completely misses you.
The orc priest invokes the aid of Beogh against you.
You hear some strange, mumbled words.
A puff of flame appears from out of thin air!
The puff of flame misses you.
A magic dart appears from out of thin air!
The magic dart hits you!
* * * LOW HITPOINT WARNING * * *
The orc priest mumbles some strange prayers to Beogh against you.
Beogh smites you!
You die...

.....####..#####################.
............#..................oo
.....#....................######.
....###..................## ##
....# ##....<............# ....#
#.................# #
...#####...............#o# ##
.........#.............#.## ##.
.........#......@.....##..# ##.o
P.P...................###.####..#
.>...#...............###.o..(..##
P.P..#..............###.......##
.....#..............{.........#
.##..)...............o.......(##
.##............................##
.............................#..#
............................##...


You could see an orc priest.

Vanquished Creatures
  A centaur skeleton (D:5)
  Grinder (D:3)
  Eustachio (D:4)
  Edmund (D:4)
  A scorpion (D:5)
  A water moccasin skeleton (D:4)
  A crimson imp (D:5)
  A hound (D:5)
  An iguana (D:4)
  Terence (D:3)
  2 worker ants (D:4)
  Robin (D:3)
  9 adders
  2 oozes
  3 worms (D:3)
  2 adder skeletons (D:4)
  15 dart slugs
  2 giant geckos
  7 orcs
  A bat (D:1)
  8 giant cockroaches
  15 goblins
  16 hobgoblins
  2 jackals (D:3)
  4 quokkas
  2 ball pythons
  2 giant newts (D:2)
  A jackal skeleton (D:4)
  7 kobolds
  7 rats
118 creatures vanquished.

Notes
Turn   | Place    | Note
--------------------------------------------------------------
     0 | D:1      | Wooh the Ghoul Monk began the quest for the Orb.
     0 | D:1      | Reached XP level 1. HP: 19/19 MP: 0/0
   195 | D:1      | Reached XP level 2. HP: 24/26 MP: 1/1
   255 | D:1      | Reached skill level 5 in Unarmed Combat
   583 | D:1      | Reached XP level 3. HP: 31/31 MP: 2/2
  1100 | D:2      | Reached skill level 6 in Unarmed Combat
  1100 | D:2      | Reached XP level 4. HP: 38/38 MP: 3/3
  2272 | D:3      | Noticed Robin
  2273 | D:3      | Noticed Terence
  2312 | D:4      | Reached XP level 5. HP: 14/44 MP: 4/4
  2570 | D:3      | Killed Robin
  2850 | D:3      | Reached skill level 7 in Unarmed Combat
  2892 | D:3      | Killed Terence
  3193 | D:3      | Noticed Grinder
  3207 | D:3      | Paralysed by Grinder for 7 turns
  3221 | D:3      | Paralysed by Grinder for 4 turns
  3226 | D:3      | Killed Grinder
  3226 | D:3      | Reached skill level 8 in Unarmed Combat
  3226 | D:3      | Reached XP level 6. HP: 44/51 MP: 5/5
  3545 | D:3      | Reached XP level 7. HP: 50/57 MP: 4/6
  3600 | D:4      | Reached skill level 9 in Unarmed Combat
  4071 | D:4      | Noticed Edmund
  4089 | D:4      | Killed Edmund
  4089 | D:4      | Reached skill level 5 in Fighting
  4220 | D:5      | Entered Level 5 of the Dungeon
  4220 | D:5      | Noticed Eustachio
  4247 | D:4      | Killed Eustachio
  4412 | D:4      | Reached XP level 8. HP: 68/71 MP: 7/7
  4927 | D:5      | Found a staircase to the Ecumenical Temple.
  4938 | Temple   | Entered the Ecumenical Temple
  5017 | Temple   | Became a worshipper of Warmaster Okawaru
  5017 | Temple   | Reached * piety under Okawaru
  5017 | Temple   | Reached ** piety under Okawaru
  5223 | D:5      | HP: 3/75 [something/magic dart (3)]
  5224 | D:5      | Killed from afar by an orc priest

Skill      XL: |  1  2  3  4  5  6  7  8 |
---------------+-------------------------+-----
Unarmed Combat | 5 6 8 9 |  9.0
Fighting       | 6 8 |  8.4
Dodging        | |  2.6
Stealth        | |  2.1

Action                   |  1- 3 |  4- 6 |  7- 9 || total
-------------------------+-------+-------+-------++-------
Melee: Unarmed           |    78 |   170 |   123 ||   371
       Punch             |     1 |     5 |     5 ||    11
  Use: Potion            |       |       |     4 ||     4
       Scroll            |       |       |     1 ||     1
 Stab: Sleeping          |     6 |     4 |     7 ||    17
  Eat: Chunk             |     2 |     7 |     4 ||    13
Armor: Robe              |     6 |    31 |     8 ||    45
       Leather armour    |       |       |    15 ||    15
Dodge: Dodged            |    32 |    99 |    64 ||   195
